 Dungeon Crawl Stone Soup version 0.23.2-1-ga50397a6bc (webtiles) character file.

Game seed: 10901449493446249138

21473 Cartoonfrog the Fighter (level 12, -7/77 HPs)
             Began as a Gargoyle Earth Elementalist on May 27, 2019.
             Was an Elder of Vehumet.
             Mangled by a redback (9 damage)
             ... led by a torpor snail
             ... on level 1 of the Spider Nest.
             The game lasted 03:23:04 (19349 turns).

Cartoonfrog the Fighter (GrEE)                     Turns: 19349, Time: 03:23:04

Health: -7/77      AC: 20    Str: 20    XL:     12   Next: 90%
Magic:  18/22      EV: 12    Int: 25    God:    Vehumet [****..]
Gold:   676        SH:  0    Dex: 10    Spells: 1/25 levels left

rFire    . . .     SeeInvis .   t - +1 short sword of the Jolly Deaths {pierce, Int+7}
rCold    + . .     Gourm    .   (no shield)
rNeg     + . .     Faith    .   L - +0 scale mail
rPois    ∞         Spirit   .   s - +1 helmet
rElec    +         Reflect  .   i - +0 cloak
rCorr    .         Harm     .   (no gloves)
MR       .....                  (no boots)
Stlth    ..........             E - amulet of magic regeneration
HPRegen  0.22/turn              J - ring of protection from cold
MPRegen  0.43/turn              C - +5 ring of strength

@: slowed, very slow
A: negative energy resistance 1, electricity resistance, unbreathing,
petrification resistance, rot immunity, AC +8
a: Renounce Religion


You were on level 1 of the Spider Nest.
You worshipped Vehumet.
Vehumet was greatly pleased with you.
You were very hungry.

You visited 4 branches of the dungeon, and saw 17 of its levels.
You visited 1 bazaar.

You collected 840 gold pieces.
You spent 164 gold pieces at shops.

Inventory:

Hand Weapons
 f - a +5 falchion
 t - the +1 short sword of the Jolly Deaths (weapon) {pierce, Int+7}
   (You found it on level 4 of the Dungeon)

   It inflicts extra damage upon your enemies.
   It affects your intelligence (+7).
 w - the +1 mace "Ackarph" {crush, rElec MR+ Dex+2}
   (You found it on level 5 of the Dungeon)

   It inflicts extra damage upon your enemies.
   It affects your dexterity (+2).
   It insulates you from electricity.
   It affects your resistance to hostile enchantments.
Missiles
 b - 277 stones (quivered)
Armour
 c - a +0 robe
 i - a +0 cloak (worn)
 r - a +0 leather armour
 s - a +1 helmet (worn)
 L - a +0 scale mail (worn)
Jewellery
 g - an uncursed ring of see invisible
 q - an uncursed amulet of the acrobat
 C - a +5 ring of strength (right hand)
 E - an amulet of magic regeneration (around neck)
 J - a ring of protection from cold (left hand)
Wands
 m - a wand of enslavement (3)
 o - a wand of paralysis (1)
 y - a wand of flame (55)
 z - a wand of scattershot (2)
 B - a wand of random effects (14)
 H - a wand of iceblast (14)
 K - a wand of digging (4)
 P - a wand of acid (8)
Scrolls
 e - 4 scrolls of remove curse
 l - 4 scrolls of teleportation
 v - 2 scrolls of blinking {unknown}
 x - 3 scrolls of magic mapping
 F - 2 scrolls of enchant weapon
 G - 3 scrolls of enchant armour
 M - a scroll of fear
Potions
 a - 2 potions of agility
 h - 4 potions of brilliance
 j - a potion of resistance
 k - a potion of berserk rage
 n - 3 potions of flight
 p - a potion of cancellation
 u - 2 potions of magic
 A - a potion of degeneration {unknown}
 D - a potion of lignification {unknown}
 I - 2 potions of might
Miscellaneous
 O - a lightning rod (4/4)
Comestibles
 d - 23 rations
 Q - 5 chunks of flesh


   Skills:
 + Level 10.1 Fighting
 + Level 8.2 Short Blades
 - Level 1.0(5.2) Long Blades
 - Level 1.9 Maces & Flails
 + Level 7.7 Armour
 + Level 4.8 Dodging
 - Level 2.2 Stealth
 - Level 7.2 Spellcasting
 - Level 8.6 Conjurations
 - Level 0.7 Transmutations
 + Level 4.3 Fire Magic
 - Level 9.8 Earth Magic


You had one spell level left.
You knew the following spells:

 Your Spells              Type           Power        Failure   Level  Hunger
a - Bolt of Magma         Conj/Fire/Erth #####.....   5%          5    #####..
b - Passwall              Tmut/Erth      #####...     3%          2    None
c - Stone Arrow           Conj/Erth      ######       1%          3    None
d - Magic Dart            Conj           ####         1%          1    None
e - Lee's Rapid Deconstr  Erth           ######....   2%          5    #####..
f - Petrify               Tmut/Erth      #####...     19%         4    ###....
g - Iskenderun's Mystic   Conj           ######..     1%          4    ###....

Your spell library contained the following spells:

 Spells                   Type           Power        Failure   Level  Hunger
 Orb of Destruction       Conj           ######....   65%         7    #######
 Sandblast                Erth           ######       1%          1    None
 Corona                   Hex            #......      17%         1    None
 Summon Small Mammal      Summ           #...         17%         1    None
 Inner Flame              Hex/Fire       ###.....     5%          3    None
 Leda's Liquefaction      Hex/Erth       ####......   22%         4    ###....
 Call Imp                 Summ           #.......     26%         2    None
 Slow                     Hex            #.......     26%         2    None
 Call Canine Familiar     Summ           #.......     45%         3    None
 Portal Projectile        Hex/Tloc       #.....       45%         3    None
 Summon Guardian Golem    Hex/Summ       #.......     45%         3    None
 Cause Fear               Hex            #.........   86%         4    ###....
 Summon Ice Beast         Ice/Summ       #.......     86%         4    ###....
 Summon Lightning Spire   Summ/Air       #.......     86%         4    ###....


Dungeon Overview and Level Annotations

Branches:
Dungeon (12/15)            Temple (1/1) D:5            Lair (3/6) D:11
 Shoals (0/4) Lair:2       Spider (1/4) Lair:3
    Orc: D:9-12

Altars:
Ashenzari
Cheibriados
Dithmenos
Elyvilon
Fedhas
Gozag
Hepliaklqana
Kikubaaqudgha
Makhleb
Nemelex Xobeh
Okawaru
Qazlal
Ru
Sif Muna
Trog
Uskayaw
Vehumet
Wu Jian
Xom
Yredelemnul
Zin
The Shining One

Shops:
D:4 (   D:6 ?   D:11 ((?

Annotations:
D:4 exclusion: downstairs
D:6 exclusion: 2 downstairs
D:7 exclusion: downstairs
D:8 3 runed translucent doors, exclusion: 2 downstairs, raetorn's ghost, novice GnSk
D:10 exclusion: downstairs
Lair:1 1 runed translucent door, Kekhinka's ghost, journeyman MiBe


Innate Abilities, Weirdness & Mutations

You are resistant to torment.
Your stone body is resilient. (AC +8)
You are immune to poison.
You resist negative energy. (rN+)
You are resistant to electric shocks. (rElec)
You can survive without breathing.
You are immune to petrification.
You are immune to rotting.


Message History

Casting: Lee's Rapid Deconstruction (safe; 2% risk of failure)
Confirm with . or Enter, or press ? or * to list all spells.
Aiming: Lee's Rapid Deconstruction (safe; 2% risk of failure)
Press: ? - help, Dir - move target cursor A rock wall.
The wall shatters!
Vehumet accepts your kill.
You feel your power returning.
You feel a bit more experienced.
The blast of rock fragments hits the redback!
The redback is heavily wounded.
The blast of rock fragments hits the tarantella!!
You kill the tarantella!
Vehumet accepts your kill.
You feel your power returning.
The blast of rock fragments hits the tarantella!!
The tarantella is severely wounded.
You are feeling very hungry.
You hear an angry hiss. x3
The redback barely misses you. The redback bites you!
You die...

##.........## ..
##...........# ...
.##............#
....
........†......##..
#.........w...#^#
#..°.....%...s.#
#.....%...°.ss##
##....<.....#s##
#.........###@#
####.#.#### #.#
##### ###


You could see a torpor snail, a demonic crawler, a jumping spider, a tarantella
and a redback.

Vanquished Creatures
  Erolcha (D:9)
  Harold (D:8)
  3 hydras
  A centaur warrior (D:10)
  An orb spider (Lair:3)
  A manticore (D:11)
  3 ugly things
  A black mamba (Lair:1)
  Joseph (D:7)
  Psyche (D:8)
  3 gargoyles
  A spiny frog (Lair:3)
  A hippogriff (D:11)
  2 dream sheep (D:11)
  4 tarantellas (Spider:1)
  A redback (Spider:1)
  20 yaks
  A wyvern (D:12)
  2 basilisks (Lair:1)
  2 water moccasins
  8 porcupines
  4 orc warriors
  4 ice beasts
  3 sky beasts
  An eye of draining (D:9)
  3 black bears (D:11)
  7 phantoms
  7 ogres
  8 wolves
  5 centaurs
  4 crocodiles
  4 big kobolds
  13 bullfrogs
  4 scorpions
  A water moccasin skeleton (D:7)
  4 killer bees (D:11)
  6 wights
  An electric eel (Lair:2)
  4 crimson imps
  A centaur zombie (D:8)
  3 bullfrog zombies
  A quasit (D:10)
  7 orc priests
  A gnoll shaman (D:8)
  2 bullfrog skeletons (D:7)
  6 hounds
  3 centaur skeletons
  11 orc wizards
  Jessica (D:2)
  An iguana (D:11)
  Ijyb (D:3)
  9 worker ants
  A hound zombie (D:10)
  A hound skeleton (D:5)
  2 worker ant zombies
  Robin (D:4)
  A howler monkey zombie (D:6)
  8 gnolls
  9 adders
  3 shadow imps
  An adder zombie (D:5)
  3 adder skeletons
  2 dart slugs
  6 leopard geckos
  48 orcs
  2 ball pythons
  6 giant cockroaches
  19 goblins
  13 hobgoblins
  6 jackals
  8 kobolds
  5 quokkas
  7 bats
  11 frilled lizards
  A leopard gecko skeleton (D:7)
  A leopard gecko zombie (D:6)
  A quokka skeleton (D:5)
  5 rats
360 creatures vanquished.

Vanquished Creatures (others)
  A redback (Spider:1)
  56 fungi (D:11)
  51 plants
108 creatures vanquished.

Grand Total: 468 creatures vanquished

Notes
Turn   | Place    | Note
-------+----------+-------------------------------------------
     0 | D:1      | Cartoonfrog the Gargoyle Earth Elementalist began the quest
                  | for the Orb.
     0 | D:1      | Reached XP level 1. HP: 10/10 MP: 3/3
   415 | D:1      | Reached XP level 2. HP: 13/15 MP: 5/5
  1131 | D:1      | Reached XP level 3. HP: 19/20 MP: 4/6
  1488 | D:1      | Reached skill level 1 in Fighting
  1586 | D:1      | Learned a level 2 spell: Passwall
  1590 | D:1      | Learned a level 3 spell: Stone Arrow
  1776 | D:2      | Reached skill level 1 in Maces & Flails
  2267 | D:2      | Noticed Jessica
  2271 | D:2      | Killed Jessica
  2271 | D:2      | Reached XP level 4. HP: 25/25 MP: 4/7
  3216 | D:3      | Reached XP level 5. HP: 13/30 MP: 5/9
  3582 | D:3      | Reached skill level 2 in Fighting
  3784 | D:3      | Noticed Ijyb
  3800 | D:3      | Paralysed by Ijyb for 2 turns
  3806 | D:3      | Paralysed by Ijyb for 5 turns
  3811 | D:3      | Killed Ijyb
  4093 | D:3      | Found a deep blue altar of Sif Muna.
  4214 | D:4      | Found Nithre Rats's Antique Weapon Boutique.
  4278 | D:4      | Reached XP level 6. HP: 26/36 MP: 10/10
  4339 | D:4      | Reached skill level 1 in Long Blades
  4391 | D:5      | Entered Level 5 of the Dungeon
  4425 | D:4      | Got a brightly glowing short sword
  4429 | D:4      | Identified the +1 short sword of the Jolly Deaths {pierce,
                  | Int+7} (You found it on level 4 of the Dungeon)
  4933 | D:4      | Noticed Robin
  4982 | D:4      | Reached skill level 1 in Conjurations
  5269 | D:4      | Killed Robin
  5269 | D:4      | Reached skill level 5 in Earth Magic
  5339 | D:5      | Noticed a phantom
  5361 | D:5      | Killed a phantom
  5379 | D:5      | Found a staircase to the Ecumenical Temple.
  5465 | Temple   | Entered the Ecumenical Temple
  5509 | Temple   | Became a worshipper of Vehumet
  5539 | D:5      | Reached XP level 7. HP: 36/40 MP: 12/12
  5577 | D:6      | Reached skill level 3 in Fighting
  5577 | D:6      | Reached skill level 1 in Short Blades
  5577 | D:6      | Reached skill level 1 in Armour
  5700 | D:5      | Got a transparent mace
  5701 | D:5      | Identified the cursed +1 mace "Ackarph" {crush, rElec MR+
                  | Dex+2} (You found it on level 5 of the Dungeon)
  6150 | D:5      | Found a burning altar of Makhleb.
  6628 | D:6      | Reached XP level 8. HP: 48/48 MP: 2/13
  6924 | D:6      | Found a sacrificial altar of Ru.
  6946 | D:6      | Found Humpoll's Magic Scroll Emporium.
  7406 | D:5      | Reached skill level 4 in Fighting
  8199 | D:6      | Found a hazy altar of Hepliaklqana.
  8270 | D:6      | Reached * piety under Vehumet
  8270 | D:6      | Offered knowledge of Freeze by Vehumet.
  8528 | D:6      | Reached XP level 9. HP: 16/52 MP: 9/16
  9213 | D:7      | Reached skill level 5 in Fighting
  9508 | D:7      | Reached skill level 5 in Spellcasting
  9737 | D:7      | Noticed Joseph
  9763 | D:7      | Killed Joseph
  9842 | D:7      | Found an iron altar of Okawaru.
  9843 | D:7      | Offered knowledge of Magic Dart by Vehumet.
  9844 | D:7      | Reached skill level 5 in Conjurations
  9846 | D:7      | Reached ** piety under Vehumet
  9849 | D:7      | Learned a level 1 spell: Magic Dart
  9965 | D:8      | Reached skill level 5 in Armour
 10120 | D:8      | Found a runed translucent gate.
 10120 | D:8      | Found a runed translucent gate.
 10120 | D:8      | Found a runed translucent gate.
 10121 | D:8      | Noticed an 11-headed hydra
 10122 | D:8      | Noticed raetorn's ghost (novice GnSk)
 10141 | D:8      | Noticed Psyche
 10147 | D:8      | Killed Psyche
 10147 | D:8      | Reached skill level 6 in Fighting
 10147 | D:8      | Reached XP level 10. HP: 24/60 MP: 16/18
 10486 | D:8      | Noticed a cyan ugly thing
 10496 | D:8      | Killed a cyan ugly thing
 10574 | D:8      | Offered knowledge of Inner Flame by Vehumet.
 11050 | D:8      | Found a glowing golden altar of the Shining One.
 11099 | D:8      | Noticed Harold
 11101 | D:8      | Reached *** piety under Vehumet
 11146 | D:8      | Killed Harold
 11146 | D:8      | Reached skill level 5 in Short Blades
 11147 | D:8      | HP: 1/61 [centaur/arrow (8)]
 11369 | D:8      | Found a shadowy altar of Dithmenos.
 11468 | D:8      | Found an opulent altar of Gozag.
 11949 | D:9      | Noticed Erolcha
 12133 | D:9      | Noticed a two-headed ogre
 12424 | D:10     | Entered Level 10 of the Dungeon
 12534 | D:9      | Reached skill level 7 in Fighting
 12557 | D:9      | Found a white marble altar of Elyvilon.
 12886 | D:9      | Killed Erolcha
 12886 | D:9      | Reached XP level 11. HP: 58/67 MP: 19/21
 13227 | D:11     | Noticed a manticore
 13551 | D:9      | Learned a level 5 spell: Lee's Rapid Deconstruction
 13610 | D:10     | Learned a level 4 spell: Petrify
 13712 | D:10     | Offered knowledge of Iskenderun's Mystic Blast by Vehumet.
 13718 | D:10     | Learned a level 4 spell: Iskenderun's Mystic Blast
 13732 | D:10     | Noticed a centaur warrior
 13753 | D:10     | Killed a centaur warrior
 14700 | D:11     | Reached skill level 8 in Fighting
 15012 | D:11     | Noticed a red ugly thing
 15031 | D:11     | Killed a red ugly thing
 15060 | D:11     | Found Kokhaff's Magic Scroll Emporium.
 15074 | D:11     | Bought a scroll of teleportation for 33 gold pieces
 15074 | D:11     | Bought a scroll of teleportation for 33 gold pieces
 15081 | D:11     | Found Cudumol's Weapon Shoppe.
 15091 | D:11     | Learned a level 2 spell: Slow
 15143 | D:11     | Noticed a red ugly thing
 15143 | D:11     | Noticed a four-headed hydra
 15152 | D:11     | Reached **** piety under Vehumet
 15164 | D:11     | Killed a red ugly thing
 15165 | D:11     | Killed a manticore
 15169 | D:11     | Offered knowledge of Bolt of Magma by Vehumet.
 15511 | D:6      | Bought a scroll of amnesia for 49 gold pieces
 15511 | D:6      | Bought a scroll of amnesia for 49 gold pieces
 15519 | D:6      | Learned a level 5 spell: Bolt of Magma
 15984 | D:11     | Reached skill level 9 in Fighting
 15984 | D:11     | Reached XP level 12. HP: 76/76 MP: 14/22
 16010 | D:11     | Killed a four-headed hydra
 16010 | D:11     | Reached skill level 1 in Fire Magic
 16028 | D:11     | Found a staircase to the Lair.
 16047 | D:11     | Found a gateway to a bazaar.
 16060 | Bazaar   | Entered a bazaar
 16062 | Bazaar   | Found Hiodynk's Weapon Boutique.
 16066 | Bazaar   | Found Mudoifful's Book Boutique.
 16066 | Bazaar   | Found Ajumehez's Antique Armour Boutique.
 16066 | Bazaar   | Found Maresyda's Gadget Boutique.
 16254 | D:11     | Found Worusadi's Weapon Emporium.
 16595 | D:11     | Noticed a three-headed hydra
 16601 | D:11     | Killed a three-headed hydra
 16806 | Lair:1   | Entered Level 1 of the Lair of Beasts
 17163 | Lair:1   | Reached ***** piety under Vehumet
 17163 | Lair:1   | Offered knowledge of Orb of Destruction by Vehumet.
 17407 | Lair:1   | Noticed a six-headed hydra
 17424 | Lair:1   | Killed a six-headed hydra
 17591 | Lair:1   | Found a runed translucent door.
 17593 | Lair:1   | Noticed Kekhinka's ghost (journeyman MiBe)
 18221 | Lair:2   | Found a staircase to the Shoals.
 19071 | Lair:3   | Found a hole to the Spider Nest.
 19224 | Lair:3   | Reached skill level 10 in Fighting
 19304 | Spider:1 | Entered Level 1 of the Spider Nest
 19348 | Spider:1 | HP: 2/77 [redback[a torpor snail] (9)]
 19349 | Spider:1 | Mangled by a redback

Skill      XL: |  1  2  3  4  5  6  7  8  9 10 11 12 |
---------------+-------------------------------------+-----
Earth Magic    | 4 5 6 7 9 |  9.8
Fighting       | 1 2 3 4 6 7 9 10 | 10.1
Maces & Flails | 1 |  1.9
Dodging        | 2 3 4 |  4.8
Spellcasting   | 3 4 5 6 7 |  7.2
Long Blades    | 1 |  1.0
Conjurations   | 1 2 3 5 7 8 |  8.6
Short Blades   | 1 3 4 5 7 8 |  8.2
Armour         | 2 3 5 6 7 |  7.7
Fire Magic     | 4 |  4.3
Stealth        | |  2.2
Transmutations | |  0.7

Action                   |  1- 3 |  4- 6 |  7- 9 | 10-12 || total
-------------------------+-------+-------+-------+-------++-------
Melee: Club              |   151 |    87 |       |       ||   238
       Falchion          |       |    57 |       |       ||    57
       Short sword       |       |    56 |   214 |   375 ||   645
 Cast: Sandblast         |    12 |    37 |    89 |    49 ||   187
       Stone Arrow       |     2 |     6 |    48 |    71 ||   127
       Passwall          |       |       |     4 |     1 ||     5
       Magic Dart        |       |       |    13 |    80 ||    93
       Lee's Rapid Decon |       |       |       |    31 ||    31
       Iskenderun's Myst |       |       |       |    16 ||    16
       Bolt of Magma     |       |       |       |    34 ||    34
       Petrify           |       |       |       |    14 ||    14
Evoke: Wand              |       |       |     4 |    11 ||    15
  Use: Scroll            |       |    11 |     7 |    11 ||    29
       Potion            |       |       |     3 |     9 ||    12
 Stab: Sleeping          |     2 |     3 |     1 |       ||     6
       Paralysed         |       |       |     3 |       ||     3
       Petrified         |       |       |       |    23 ||    23
  Eat: Chunk             |     5 |    11 |    14 |    24 ||    54
       Ration            |       |       |     1 |     6 ||     7
Armor: Robe              |    60 |    93 |    69 |       ||   222
       Leather armour    |       |       |    41 |   105 ||   146
       Scale mail        |       |       |       |    78 ||    78
Dodge: Dodged            |   102 |   148 |   172 |   250 ||   672
       Rpst.: Falchion   |       |    13 |       |       ||    13
